Map: 貝爾石遺跡 - 天梯版(虛空之遺)

Players

tonyLee

  • Race: Protoss Protoss
  • League: Silver
  • Spawn Location: 11:00

프로토스 - Winner!

  • Race: Protoss Protoss
  • League: Bronze
  • Spawn Location: 5:00

VOD

Have the link to the VOD?

Description

Time

  • Played on: Feb. 3, 2017, 3:15 a.m.
  • Length: 6:18
Show
View Real Time Build Order
Export as new Build Order

tonyLee Protoss 

Build Orders:  

Get SALT Encoding   

  12  0:01  Probe (Chrono Boost)  
  13  0:11  Probe (Chrono Boost)  
  14  0:20  Pylon  
  14  0:23  Probe (Chrono Boost)  
  15  0:38  Gateway  
  15  0:43  Assimilator  
  15  0:44  Probe (Chrono Boost)  
  16  0:54  Pylon  
  16  0:55  Probe (Chrono Boost)  
  17  1:10  Probe (Chrono Boost)  
  17  1:25  Cybernetics Core  
  17  2:02  Warp Gate  
  17  2:16  Stalker  
  19  2:26  Gateway  
  19  2:27  Nexus  
  19  2:28  Pylon  
  20  2:30  Probe (Chrono Boost)  
  20  2:38  Pylon  
  20  2:42  Pylon, Probe (Chrono Boost)  
  21  2:46  Sentry  
  23  2:55  Probe (Chrono Boost)  
  25  3:07  Probe (Chrono Boost)  
  25  3:16  Adept  
  25  3:19  Stalker  
  28  3:23  Probe (Chrono Boost)  
  29  3:39  Robotics Facility  
  29  3:41  Pylon  
  29  3:47  Probe x2 (Chrono Boost)  
  31  3:51  Adept  
  31  3:53  Adept  
  33  3:55  Assimilator  
  35  4:09  Probe (Chrono Boost)  
  36  4:14  Gateway  
  36  4:23  Probe (Chrono Boost)  
  36  4:24  Probe (Chrono Boost)  
  38  4:25  Observer, Gateway  
  39  4:42  Probe x2 (Chrono Boost)  
  42  4:54  Probe (Chrono Boost)  
  42  5:03  Mothership Core (Chrono Boost)  
  42  5:06  Probe (Chrono Boost)  
  45  5:18  Adept x2, Probe (Chrono Boost)  
  45  5:19  Observer  
  51  5:42  Nexus  
  51  5:44  Pylon x2  
  51  5:46  Stalker  
  51  5:47  Pylon  
  51  5:48  Pylon  
  53  5:51  Pylon  
  53  6:14  Stalker x2  
Show
View Real Time Build Order
Export as new Build Order

프로토스 Protoss - Winner!

Build Orders:  

Get SALT Encoding   

  12  0:01  Probe (Chrono Boost)  
  13  0:11  Probe (Chrono Boost)  
  14  0:21  Pylon  
  14  0:23  Probe (Chrono Boost)  
  15  0:40  Gateway, Probe (Chrono Boost)  
  16  0:46  Assimilator  
  16  0:50  Probe (Chrono Boost)  
  16  0:53  Assimilator  
  17  1:01  Probe (Chrono Boost)  
  18  1:13  Probe (Chrono Boost)  
  19  1:23  Probe (Chrono Boost)  
  19  1:25  Assimilator  
  20  1:31  Cybernetics Core  
  20  1:37  Pylon  
  20  1:45  Pylon  
  20  1:50  Probe (Chrono Boost)  
  21  2:01  Probe (Chrono Boost)  
  22  2:08  Stargate  
  22  2:11  Probe (Chrono Boost)  
  23  2:19  Stargate  
  23  2:31  Stalker  
  25  2:46  Void Ray  
  29  3:06  Zealot  
  31  3:13  Void Ray  
  35  3:26  Pylon  
  35  3:43  Void Ray  
  39  4:10  Nexus  
  39  4:11  Void Ray  
  43  4:22  Pylon  
  43  4:27  Probe (Chrono Boost)  
  44  4:40  Void Ray  
  48  4:51  Forge  
  48  5:01  Void Ray  
  53  5:21  Probe (Chrono Boost)  
  53  5:22  Probe (Chrono Boost)  
  54  5:32  Photon Cannon, Probe (Chrono Boost)  
  54  5:33  Probe (Chrono Boost)  
Tags
 
Add a new tag
Caveats
  • Supply blocks, unpowered buildings, or Contaminate may cause inaccurate times.
  • Supply counts are checked every 10 seconds.